 Dungeon Sprint DCSS version 0.32-a0-571-gec57dfcd37 (webtiles) character file.

Game seed: 3097469828005936887

529 rocky1 the Basher (level 7, -5/70 HPs)
             Began as a Mountain Dwarf Cinder Acolyte on Mar 1, 2024.
             Was an Initiate of Gozag.
             Slain by a fire elemental (13 damage)
             ... created by the fiery vengeance of Ignis
             ... in the Dungeon (Sprint III: "The Ten Rune Challenge").
             The game lasted 00:03:09 (592 turns).

rocky1 the Basher (Mountain Dwarf Cinder Acolyte)    Turns: 592, Time: 00:03:10

Health: -5/70      AC:  3    Str: 18    XL:     7   Next: 3%
Magic:  13/13      EV: 11    Int: 15    God:    Gozag
Gold:   142        SH:  0    Dex:  5    Spells: 12/14 levels left

rFire   . . .        a - -1 mace (flame)
rCold   . . .        (no shield)
rNeg    . . .        b - +0 robe
rPois   .            (no helmet)
rElec   .            j - +0 cloak
rCorr   .            (no gloves)
SInv    .            (no boots)
Will    .....        (no amulet)
Stlth   +            (no ring)
HPRegen 0.31/turn    (no ring)
MPRegen 0.13/turn

%: no teleportation
@: fire susceptible
A: runic magic, artefact enchanting
a: Renounce Religion, Potion Petition, Call Merchant, Bribe Branch


You were in the Dungeon.
You worshipped Gozag.
Gozag was aware of your devotion.
You visited 1 branch You collected 142 gold pieces.

Inventory:

Hand Weapons
 a - a -1 mace of flaming (weapon)
 i - a +0 hand axe
Armour
 b - a +0 robe (worn)
 j - a +0 cloak (worn)
Wands
 q - a wand of warping (12)
Scrolls
 l - a scroll of poison {unknown}
 m - a scroll of enchant armour {unknown}
 o - a scroll of torment {unknown}
 p - a scroll of fear {unknown}
Potions
 d - a potion of heal wounds
 e - a potion of haste
 f - 2 potions of magic
 g - a potion of berserk rage
 k - 6 potions of mutation
 n - 3 potions of enlightenment


   Skills:
 * Level 9.0 Fighting
 * Level 8.8(10.8) Axes
 * Level 9.8(11.2) Maces & Flails
 + Level 4.4 Spellcasting
 + Level 7.3 Fire Magic


You had 12 spell levels left.
You knew the following spells:

 Your Spells              Type           Power      Damage    Failure   Level
a - Scorch                Fire           50%        2d7       1%          2

Your spell library contained the following spells:

 Spells                   Type           Power      Damage    Failure   Level


Dungeon Overview and Level Annotations

Branches:
Dungeon (1/1)

Altars:
Cheibriados
Dithmenos
Fedhas
Gozag
Hepliaklqana
Makhleb
Nemelex Xobeh
Qazlal
Ru
Xom
Yredelemnul
Jiyva
Lugonu


Innate Abilities, Weirdness & Mutations

Your spellcasting is much less encumbered by armour.
You can use scrolls of enchantment on lesser artefacts.


Message History

* * * LOW HITPOINT WARNING * * *
You feel drained.
* * * LOW HITPOINT WARNING * * *
You hit the weeping skull. You burn the weeping skull.
You destroy the weeping skull!
Your life force feels restored.
Your Fighting skill increases to level 9!
You have reached level 7!
Unknown command.
You start resting. "Attack, my last stalwart servants!" 3 fire elementals come into view.
There are monsters nearby!
There are monsters nearby!
Okay, then.
Blink to where?
Press: ? - help, Dir - move target
As you read the scroll of blinking, it crumbles to dust.
There is an open door to the Ecumenical Temple here.
You close the door.
You start resting.
Magic restored.
You start resting.
Ignis calls forth spirits of fire to unmake you!
The divine experience confuses you!
You are confused. 2 fire elementals come into view.
Unknown command.
You feel better. The fire elemental hits you. The fire elemental burns you!
The fire elemental hits you. The fire elemental burns you!
You barely miss the fire elemental. The fire elemental hits you.
The fire elemental burns you!
* * * LOW HITPOINT WARNING * * *
You hit the fire elemental but do no damage.
The fire elemental hits you. The fire elemental burns you!
* * * LOW HITPOINT WARNING * * *
You hit the fire elemental but do no damage.
The fire elemental hits you. The fire elemental burns you!
You die...
Your body crumbles into a pile of gold.

▓.†...#....~♣♣♣♣..##
▓.....#...~~♣..♣♣.#.
▓.....#..~~~~♣♣.♣.+.
▓####'#..~≈≈~~~...#.
▓....†#.~~≈~~~....#.
▓.....#.)≈~~~.....#.
▓.....#.~~~.......#+
▓'#####....÷......#
▓..@EE.°..........#
▓▓▓▓▓▓▓▓▓▓▓▓▓▓▓▓▓▓▓


You could see 2 fire elementals.

Vanquished Creatures
  A shadow (D)
  A spatial vortex (D)
  A weeping skull (D)
  A water elemental (D)
  A wight (D)
  Crazy Yiuf (D)
  A jelly (D)
  A human (D)
  An endoplasm (D)
  3 rats (D)
12 creatures vanquished.

Vanquished Creatures (others)
  54 foxfires (D)
54 creatures vanquished.

Grand Total: 66 creatures vanquished

Notes
Turn   | Place    | Note
-------+----------+-------------------------------------------
     0 | D        | rocky1 the Mountain Dwarf Cinder Acolyte began the quest
                  | for the Orb.
     0 | D        | Reached XP level 1. HP: 19/19 MP: 2/2
   141 | D        | Noticed Crazy Yiuf
   148 | D        | Killed Crazy Yiuf
   149 | D        | Reached skill level 5 in Fighting
   149 | D        | Reached skill level 5 in Maces & Flails
   149 | D        | Reached XP level 2. HP: 29/29 MP: 3/5
   149 | D        | Reached XP level 3. HP: 36/36 MP: 3/6
   240 | D        | Noticed a water elemental
   250 | D        | Killed a water elemental
   251 | D        | Reached skill level 5 in Axes
   251 | D        | Reached skill level 5 in Fire Magic
   251 | D        | Reached XP level 4. HP: 23/44 MP: 7/7
   334 | D        | Learned a level 2 spell: Scorch
   339 | D        | Noticed a shadow
   345 | D        | Killed a shadow
   346 | D        | Reached XP level 5. HP: 48/52 MP: 7/10
   351 | D        | Reached XP level 6. HP: 54/61 MP: 7/11
   389 | D        | Found a blossoming altar of Fedhas.
   389 | D        | Found a stormy altar of Qazlal.
   389 | D        | Found a snail-covered altar of Cheibriados.
   389 | D        | Found a burning altar of Makhleb.
   389 | D        | Found a shimmering altar of Xom.
   390 | D        | Found a hazy altar of Hepliaklqana.
   390 | D        | Found an opulent altar of Gozag.
   390 | D        | Found a sparkling altar of Nemelex Xobeh.
   390 | D        | Found a corrupted altar of Lugonu.
   390 | D        | Found a viscous altar of Jiyva.
   390 | D        | Noticed a spatial vortex
   395 | D        | Fell from the grace of Ignis
   395 | D        | Became a worshipper of Gozag Ym Sagoz the Greedy
   409 | D        | Killed a spatial vortex
   436 | D        | Found a basalt altar of Yredelemnul.
   436 | D        | Found a shadowy altar of Dithmenos.
   436 | D        | Found a sacrificial altar of Ru.
   458 | D        | Reached XP level 7. HP: 11/70 MP: 2/13
   498 | D        | Noticed a fire elemental
   498 | D        | Noticed a fire elemental
   498 | D        | Noticed a fire elemental
   584 | D        | Noticed a fire elemental
   584 | D        | Noticed a fire elemental
   592 | D        | Slain by a fire elemental

Illustrated notes

Levels and vault maps discovered:
D:        dungeon_sprint_mu [sprint_mu_entry_forest, sprint_mu_temple_rooms,
          sprint_mu_d1_spiders, sprint_mu_d2_genie, sprint_mu_d3_branching,
          sprint_mu_orc_legion, sprint_mu_elf_gauntlet, sprint_mu_hive_nellie,
          sprint_mu_lair_fedhas, sprint_mu_vaults_butterflies,
          sprint_mu_slime_circle, sprint_mu_swamp_cave, sprint_mu_snake_twists,
          sprint_mu_blade_basic, sprint_mu_crypt_lich, sprint_mu_tomb_spiral,
          sprint_mu_vestibule_basic, sprint_mu_gehenna_hellfire,
          sprint_mu_dis_giant, sprint_mu_tartarus_statrot,
          sprint_mu_cocytus_islands, sprint_mu_zot1]

Skill      XL: |  1  2  3  4  5  6 |
---------------+-------------------+-----
Maces & Flails | 5 6 8 9 |  9.8
Fire Magic     | 4 5 6 7 |  7.3
Fighting       | 5 6 7 9 |  9.0
Axes           | 3 5 7 8 |  8.8
Spellcasting   | 2 3 4 |  4.4

Action                     |  1- 3 |  4- 6 |  7- 9 || total
---------------------------+-------+-------+-------++-------
  Melee: Mace              |    23 |    29 |     3 ||    55
   Cast: Scorch            |       |     6 |       ||     6
 Invoke: Foxfire Swarm     |     2 |     2 |       ||     4
         Fiery Armour      |       |     1 |       ||     1
    Use: Scroll            |       |       |     1 ||     1
         Potion            |       |       |     1 ||     1
 Armour: Robe              |    21 |    13 |    10 ||    44
  Dodge: Dodged            |    26 |     7 |       ||    33

Table legend: (Time is in decaauts)
 A = Elapsed time spent in this place.
 B = Non-inter-level travel time spent in this place.
 C = Inter-level travel time spent in this place.
 D = Time resting spent in this place.
 E = Time spent auto-exploring this place.
 F = Levels seen in this place.
 G = Mean time per level.
                   A        B        C        D        E       F      G
               +--------+--------+--------+--------+--------+-----+--------+
         Total |    598 |    598 |      0 |    309 |      0 |   1 |  598.0 |
       Dungeon |    598 |    598 |      0 |    309 |      0 |   1 |  598.0 |
               +--------+--------+--------+--------+--------+-----+--------+

Top non-repeatable levels by time:
       D: 598 daAuts
